[Event "Chinese Championship-B Women 2024"]
[Site "Liaocheng"]
[Date "2024.04.25"]
[Round "9.9"]
[White "Zhou, Lanqier"]
[Black "Guo, Weibao"]
[Result "0-1"]
[ECO "D30"]
[WhiteElo "1654"]
[BlackElo "1954"]
[Annotator "NA RC"]
[PlyCount "68"]
[EventDate "2024.04.24"]
[EventType "swiss"]
[EventCountry "CHN"]
[SourceTitle "playchess.com"]
[Source "ChessBase"]
[SourceQuality "1"]
[TimeControl "5400+30"]

1. d4 d5 2. c4 e6 3. Nf3 Bb4+ 4. Bd2 a5 5. e3 Nf6 6. c5 {[%emt 0:08:13] D30: Queen's Gambit Declined: Systems without Nc3.} Bxd2+ 7. Nbxd2 O-O 8. Ne5 Nfd7 9. Qc2 Nxe5 10. dxe5 Nc6 11. Nf3 f6 12. exf6 $1 Qxf6 13. Bb5 Nb4 14. Qd2 Qg6 15. Kf1 b6 16. a3 Na6 17. cxb6 Nc5 $1 18. Rd1 {[%emt 0:02:33] [#]} (18. Qd1 $15 {should be considered.}) 18... cxb6 (18... Rb8 $1 $17 19. Qc3 (19. Qxa5 Rxb6 20. a4 Qf6 $17) 19... Ne4 (19... cxb6 20. h4 $11) 20. Qxc7 (20. Qxa5 Rxb6 21. h3 Qf6 $19) 20... Rb7) 19. h4 Qh5 $11 20. Qe2 Ne4 21. Bd3 Bb7 22. Rg1 Qg4 23. Ke1 Rac8 24. Bxe4 Qxe4 25. Qd3 Rc2 26. Qxe4 dxe4 27. Nd2 Rxb2 28. Rb1 Rxb1+ 29. Nxb1 Ba6 30. Nd2 Bd3 31. f3 Rc8 32. Kf2 Rc2 33. Rd1 Ra2 34. Kg3 Be2 0-1

[Event "Chinese Championship-B Women 2024"]
[Site "Liaocheng"]
[Date "2024.04.25"]
[Round "9.10"]
[White "Zhao, Chenyu"]
[Black "Wang, Jingyan"]
[Result "1-0"]
[ECO "C07"]
[WhiteElo "1909"]
[BlackElo "1632"]
[Annotator "TA"]
[PlyCount "53"]
[EventDate "2024.04.24"]
[EventType "swiss"]
[EventCountry "CHN"]
[SourceTitle "playchess.com"]
[Source "ChessBase"]
[SourceQuality "1"]
[TimeControl "5400+30"]

1. e4 e6 2. d4 d5 3. Nd2 c5 4. Ngf3 Nc6 5. Bb5 a6 6. Bxc6+ bxc6 7. O-O Nf6 8. Re1 Be7 9. c4 O-O {[%emt 0:02:02] The position is equal.} 10. e5 Nd7 11. cxd5 cxd5 12. b3 Bb7 13. Bb2 Nb6 ({Black should play} 13... a5 $15) 14. dxc5 Bxc5 15. Nd4 Bb4 16. Re3 Bxd2 (16... Nd7 $11 {remains equal.}) 17. Qxd2 $16 Qg5 {[%emt 0:00:00] Black is weak on the dark squares} (17... Nc8 {was worth a try.} 18. Rg3 Ne7) 18. Qe2 Rae8 (18... Nd7 $142 19. Rg3 Qe7 (19... Qxe5 $2 {loses.} 20. Nc6 $18)) 19. Ba3 $18 Qf4 20. Bxf8 Kxf8 (20... Qxd4 21. Rd1 Qf4) 21. Rd1 Rc8 $2 {[%emt 0:00:00] [#]} (21... Kg8 22. Rc3 Na8) 22. Nxe6+ $1 fxe6 23. Rf3 Qxf3 24. Qxf3+ Ke7 25. Qg4 Rg8 26. Qb4+ Kd7 27. Qxb6 {[%emt 0:00:00] Weighted Error Value: White=0.32/Black=1.08.  Mistake:       	---       	Black=6      Inaccurate:     	White=4     	Black=1      OK:         	White=6     	Black=2      Best:        	---       	Black=1} 1-0

[Event "Chinese Championship-B Women 2024"]
[Site "Liaocheng"]
[Date "2024.04.25"]
[Round "9.11"]
[White "Sun, Jihan"]
[Black "Gao, Muziyan"]
[Result "0-1"]
[ECO "B88"]
[WhiteElo "1781"]
[BlackElo "1891"]
[Annotator "NA RC"]
[PlyCount "87"]
[EventDate "2024.04.24"]
[EventType "swiss"]
[EventCountry "CHN"]
[SourceTitle "playchess.com"]
[Source "ChessBase"]
[SourceQuality "1"]
[TimeControl "5400+30"]

1. e4 c5 2. Nf3 Nc6 3. d4 cxd4 4. Nxd4 Nf6 5. Nc3 d6 6. Bc4 e6 7. Be3 a6 8. O-O Qc7 9. Bb3 Bd7 {[%emt 0:09:59] B88: Sicilian: Sozin Attack.} (9... Na5 $11) 10. f4 Be7 11. f5 Nxd4 12. Bxd4 b5 13. a3 Rc8 (13... O-O $14) 14. Qd3 ({Better is} 14. fxe6 $16 Bxe6 (14... fxe6 15. Qd3 $16) 15. Nd5 Bxd5 16. exd5 (16. Bxd5 Nxd5 17. exd5 O-O $14)) 14... e5 15. Bf2 Bc6 16. Kh1 Qb7 17. Rae1 a5 18. Nd5 ({Better is} 18. Bh4 $14) 18... Bxd5 19. Bxd5 Nxd5 20. exd5 O-O 21. Re4 Rc4 22. Rxc4 bxc4 23. Qxc4 Qxb2 24. a4 Qb7 25. Qb5 Qc7 26. Bb6 Qxc2 27. Qxa5 e4 28. Qb4 Rc8 29. a5 h5 30. Re1 Rc4 (30... Bg5 $1 $15 31. Rg1 (31. Qxd6 $2 {is the wrong capture.} Qd2 $19) (31. Rxe4 $2 Bd2 $19) (31. Qxe4 Qxe4 32. Rxe4 Rc1+ 33. Bg1 Ra1 $17) 31... e3) 31. Qb1 Qa4 32. Qd1 Qb5 33. h3 Bf6 34. Qxh5 Qxd5 35. Rd1 (35. Rb1 $11) 35... Qc6 36. Be3 (36. Bg1 $17) 36... d5 37. Rb1 Be5 (37... Qa6 $15 38. Qg4 Rc8 (38... Qxa5 $2 {loses.} 39. Rb8+ Bd8 40. Bh6 $18)) 38. f6 Qxf6 39. Bg5 $2 (39. a6 $1 $15 g6 40. a7 gxh5 41. a8=Q+ Kg7 42. Qxd5) 39... Qf2 40. Be3 Qg3 ({Stronger than} 40... Qxe3 41. Qxe5 Rc1+ 42. Rxc1 Qxc1+ 43. Kh2 $15) 41. Bg1 Rc2 42. Qg4 Rxg2 $2 (42... Qxg4 $19 43. hxg4 d4) 43. Qc8+ $19 (43. Qxg3 $11 {and White is okay.} Rxg3 44. a6) 43... Kh7 44. Qf5+ 0-1

[Event "Chinese Championship-B Women 2024"]
[Site "Liaocheng"]
[Date "2024.04.25"]
[Round "9.12"]
[White "Xu, Mingwei"]
[Black "Wang, Xiangyi"]
[Result "1-0"]
[ECO "B10"]
[WhiteElo "2037"]
[BlackElo "1540"]
[Annotator "NA RC"]
[PlyCount "129"]
[EventDate "2024.04.24"]
[EventType "swiss"]
[EventCountry "CHN"]
[SourceTitle "playchess.com"]
[Source "ChessBase"]
[SourceQuality "1"]
[TimeControl "5400+30"]

1. e4 c6 2. Nf3 d5 3. d3 Bg4 4. h3 Bh5 5. g4 Bg6 6. Nc3 {[%emt 0:00:11] B10: Caro-Kann: 2 d3 and 2 c4.} dxe4 7. dxe4 Qxd1+ 8. Kxd1 Nf6 9. Bd3 h6 10. Be3 Nbd7 11. e5 Bxd3 12. cxd3 Ng8 13. Ke2 e6 14. Ne4 Be7 (14... f5 $14) 15. Rac1 O-O-O ({Better is} 15... f6) 16. d4 Nb6 17. Nfd2 Nd5 (17... h5 $14) 18. Nc4 Kc7 19. f4 (19. h4 $16) 19... Nxe3 (19... g6 $14) 20. Kxe3 Rd7 21. Rhf1 Bf8 22. Ned6 Bxd6 23. exd6+ Rxd6 24. Nxd6 Kxd6 25. f5 Nf6 26. a3 Re8 27. Kd3 Rd8 28. Rce1 c5 29. dxc5+ Kxc5+ 30. Kc2 exf5 31. Rxf5+ Kc6 32. Kb1 Rd7 33. Rc1+ Kb6 34. Rc3 Ne4 35. Rb3+ Kc6 36. Rb4 Nf6 37. a4 a6 38. Rc4+ Kb6 (38... Kd6 $142 39. Rd4+ Ke6 40. Rxd7 Kxd7) 39. Rb4+ Kc6 $1 40. Rf1 b5 41. a5 Kc5 42. Rbf4 Kc6 43. h4 Rd5 44. Rc1+ Kd7 45. Rf5 Rd4 46. g5 hxg5 $18 47. hxg5 Ke6 48. Rff1 Ne4 49. Rg1 Rd6 50. Rce1 Kd5 51. Rd1+ Ke5 52. Rxd6 Nxd6 53. Kc2 f5 54. gxf6 gxf6 55. Re1+ Kd5 56. Re7 Nc4 57. b4 Ne5 58. Kc3 Nc6 59. Re8 f5 60. Ra8 f4 61. Rxa6 Nd4 62. Rf6 f3 63. a6 Ne6 64. Rxe6 Kxe6 65. Kd2 1-0

[Event "Chinese Championship-B Women 2024"]
[Site "Liaocheng"]
[Date "2024.04.25"]
[Round "9.13"]
[White "Peng, Shiyang"]
[Black "Liu, Youyin"]
[Result "1/2-1/2"]
[ECO "A12"]
[WhiteElo "1661"]
[BlackElo "1840"]
[Annotator "NA RC"]
[PlyCount "85"]
[EventDate "2024.04.24"]
[EventType "swiss"]
[EventCountry "CHN"]
[SourceTitle "playchess.com"]
[Source "ChessBase"]
[SourceQuality "1"]
[TimeControl "5400+30"]

1. Nf3 d5 2. c4 c6 3. b3 Bf5 4. Bb2 Nd7 5. g3 Ngf6 6. Bg2 {[%emt 0:00:15] A12: English Opening: 1...c6 with b3 by White.} Bxb1 7. Qxb1 g6 8. O-O Bg7 9. d3 O-O 10. Rd1 Qa5 11. Qc2 Rfe8 12. Bc3 Qc7 13. cxd5 cxd5 14. Qb2 e5 15. Rac1 Qd6 16. e3 b5 17. a3 a5 18. b4 a4 19. Bh3 h5 20. Bf1 Rab8 21. d4 e4 22. Ne5 Nh7 23. Nxd7 Qxd7 24. Be1 Ng5 25. Qe2 Bf8 26. Bg2 Qg4 27. Qxg4 hxg4 28. Kf1 Rec8 29. Ke2 Nf3 30. h4 g5 31. hxg5 Nxg5 32. Bd2 f5 33. Rxc8 Rxc8 34. Rc1 Rxc1 35. Bxc1 Nf7 36. Bf1 Nd6 37. Kd2 Kf7 38. Kd1 Ke6 39. Bd2 Kd7 40. Bc3 Kc6 41. Ke1 Bg7 42. Kd2 Bf6 43. Ke1 $15 1/2-1/2

[Event "Chinese Championship-B Women 2024"]
[Site "Liaocheng"]
[Date "2024.04.25"]
[Round "9.14"]
[White "Cui, Wen"]
[Black "Ji, Yueran"]
[Result "1-0"]
[ECO "B33"]
[WhiteElo "1825"]
[BlackElo "1660"]
[Annotator "NA RC"]
[PlyCount "73"]
[EventDate "2024.04.24"]
[EventType "swiss"]
[EventCountry "CHN"]
[SourceTitle "playchess.com"]
[Source "ChessBase"]
[SourceQuality "1"]
[TimeControl "5400+30"]

1. e4 c5 2. Nf3 Nc6 3. d4 cxd4 4. Nxd4 Nf6 5. Nc3 e5 6. Ndb5 d6 7. Nd5 Nxd5 8. exd5 Ne7 9. c4 Ng6 10. Bd3 Be7 11. O-O O-O {[%emt 0:00:30] B33: Sicilian: Pelikan and Sveshnikov Variations.} 12. a4 a6 13. Nc3 f5 14. f3 Bg5 15. Ne2 Bd7 16. a5 Bxc1 17. Qxc1 Qe7 18. Qe3 Rae8 19. Bc2 e4 20. f4 Qd8 (20... Rc8 $14) 21. b4 Qc7 22. Bb3 Rb8 23. Qb6 Qxb6+ 24. axb6 Rfc8 25. Rfc1 Kf8 26. c5 Bb5 27. Bc4 Ne7 28. Bxb5 axb5 29. Rd1 dxc5 30. d6 Ng6 31. d7 Rd8 32. bxc5 Ke7 33. Nd4 Rxd7 34. c6 Rd5 35. c7 Rc8 36. Nc6+ bxc6 $18 (36... Kd6 $142 37. Na7 Ne7 38. Nxb5+ (38. Nxc8+ Nxc8 39. Rxd5+ Kxd5 $18) (38. Rxd5+ Kxd5 39. Kf2 h6 $18) 38... Kc5) 37. b7 (37. Rxd5 $142 cxd5 38. b7) 1-0

[Event "Chinese Championship-B Women 2024"]
[Site "Liaocheng"]
[Date "2024.04.25"]
[Round "9.15"]
[White "He, Yi"]
[Black "Zhu, Zile"]
[Result "1/2-1/2"]
[ECO "C02"]
[WhiteElo "1636"]
[BlackElo "1819"]
[Annotator "NA RC"]
[PlyCount "97"]
[EventDate "2024.04.24"]
[EventType "swiss"]
[EventCountry "CHN"]
[SourceTitle "playchess.com"]
[Source "ChessBase"]
[SourceQuality "1"]
[TimeControl "5400+30"]

1. e4 e6 2. d4 d5 3. e5 c5 4. c3 Nc6 5. Nf3 Bd7 6. Be2 Nge7 7. a3 c4 {[%emt 0:02:19] has lost popularity (7...cxd4). C02: French: Advance Variation.} 8. Nbd2 b5 9. b4 $146 ({Predecessor:} 9. Nf1 f6 10. Nh4 fxe5 11. dxe5 Qc7 12. f4 O-O-O 13. Nf3 Be8 14. Be3 Nf5 15. Bf2 {0-1 Ashvath,M (1681)-Saif,A (1870) Dubai op-B 23rd 2023 (8)}) 9... a5 10. Bb2 Nc8 11. O-O Nb6 12. Qc2 f5 13. h4 g6 14. g3 $1 Qe7 15. Kg2 O-O-O 16. Rh1 $15 ({Better is} 16. bxa5 $14 Na4 17. a6) 16... Qg7 17. Rag1 ({Better is} 17. Ng1 $11) 17... Be7 18. Kf1 h5 (18... Kb7 $15) 19. Ng5 $1 Na4 20. f4 Kb7 21. Kg2 Ra8 22. Ra1 Rhc8 23. Ndf3 Qg8 24. Qd2 axb4 (24... Nxb4 $11 25. axb4 axb4) 25. axb4 Nxb4 26. Ba3 Nc6 27. Bxe7 Nxe7 28. Rhb1 {[%emt 0:00:09] [#]} (28. Ne1 $11) 28... Ra5 (28... Nb6 $1 $17 29. Rxa8 Rxa8) 29. Ra3 Rca8 $1 30. Rba1 Nc8 (30... R8a6 $17 31. Bd1 Qa8) 31. Ne1 Qg7 32. Nc2 Qe7 33. Nb4 Na7 34. Nf3 Nc6 35. Nxc6 $1 Bxc6 36. Ne1 R8a7 37. Nc2 Qd8 38. Nb4 Qa8 39. Bd1 Nb6 40. Rxa5 Rxa5 41. Rxa5 Qxa5 42. Qb2 Nc8 43. Kh2 Ne7 44. Kg2 Kb6 45. Kh2 Ng8 46. Kg2 Nh6 47. Kf2 Ng4+ 48. Ke2 Qa8 49. Bc2 1/2-1/2

[Event "Chinese Championship-B Women 2024"]
[Site "Liaocheng"]
[Date "2024.04.25"]
[Round "10.1"]
[White "Wang, Chuqiao"]
[Black "Yang, Yijing"]
[Result "1-0"]
[ECO "D24"]
[WhiteElo "2302"]
[BlackElo "2040"]
[Annotator "RC"]
[PlyCount "123"]
[EventDate "2024.04.24"]
[EventType "swiss"]
[EventCountry "CHN"]
[SourceTitle "playchess.com"]
[Source "ChessBase"]
[SourceQuality "1"]
[TimeControl "5400+30"]

1. d4 d5 2. c4 dxc4 3. Nf3 Nf6 4. Nc3 c5 5. d5 Qa5 6. Bd2 b5 7. e4 b4 8. e5 Ng4 9. Qa4+ Qxa4 10. Nxa4 e6 11. Bxc4 Bd7 12. h3 Bxa4 13. hxg4 exd5 14. Bxd5 Bc6 15. Bxc6+ Nxc6 16. Bg5 Nd8 17. O-O-O Ne6 18. Be3 Rd8 19. Rxd8+ Kxd8 20. Rd1+ Ke8 21. Nd2 h5 22. Rh1 g6 23. Ne4 Bg7 24. gxh5 Bxe5 25. Nxc5 gxh5 26. Nxe6 fxe6 27. Bxa7 Kd7 28. Rh4 Bd6 29. Be3 Be7 30. Re4 h4 31. Rg4 h3 32. gxh3 Rxh3 33. Kc2 Kc6 34. Kd3 Kd5 35. Rd4+ Ke5 36. Kc4 Rh8 37. Rd7 Rc8+ 38. Kb3 Bf8 39. Rf7 Kd5 40. Rb7 Bd6 41. Rb6 Rf8 42. Rb5+ Kc6 43. Ra5 Rh8 44. a4 bxa3 45. bxa3 Rh4 46. Ra6+ Kd5 47. Rb6 Rh1 48. Ka2 Rh4 49. Ra6 Bf4 50. Ra5+ Kd6 51. Ra4 e5 52. Bxf4 exf4 53. Re4 Kd5 54. f3 Kc5 55. Kb3 Kb5 56. Rc4 Ka5 57. Kc3 Kb5 58. Kd3 Ka5 59. a4 Ka6 60. Rd4 Kb6 61. Ke4 Ka5 62. Kf5 1-0

[Event "Chinese Championship-B Women 2024"]
[Site "Liaocheng"]
[Date "2024.04.25"]
[Round "10.2"]
[White "Jiang, Tianyu"]
[Black "Zhao, Yunqing"]
[Result "0-1"]
[ECO "B82"]
[WhiteElo "1929"]
[BlackElo "1965"]
[Annotator "TA"]
[PlyCount "112"]
[EventDate "2024.04.24"]
[EventType "swiss"]
[EventCountry "CHN"]
[SourceTitle "playchess.com"]
[Source "ChessBase"]
[SourceQuality "1"]
[TimeControl "5400+30"]

1. e4 c5 2. Nf3 e6 3. d4 cxd4 4. Nxd4 Nc6 5. Nc3 Qc7 6. Be3 a6 7. a3 Nf6 8. f4 d6 9. Qf3 Be7 10. O-O-O O-O 11. Nxc6 bxc6 12. g4 {[%emt 0:01:30][%cal Bg2g4,Bg4g5][%mdl 32] The position is equal.} Nd7 13. g5 d5 14. h4 Rb8 15. h5 Qa5 16. Bf2 f6 17. exd5 exd5 (17... cxd5 $11 {keeps the balance.} 18. h6 g6 (18... fxg5 19. Qh3 $14)) 18. h6 (18. Qe3 $16 Rxb2 19. Nxd5 (19. Kxb2 $2 Bxa3+ 20. Ka1 Bc1+ 21. Na2 Bxe3 $19) (19. Qxe7 $2 Qxc3 20. Bd3 Ra2 $19) 19... Bxa3 20. Ne7+ Bxe7 (20... Kh8 $2 21. Ng6+ Kg8 22. Bc4+ $18) 21. Kxb2) 18... g6 $1 $11 {[%emt 0:04:58][%cal Ob8b2] Threatens to win with ...Rxb2!} 19. Qe3 Rf7 {[%emt 0:02:35][%cal Ob8b2] Hoping for ...Rxb2!} 20. Bh3 $2 {[%emt 0:05:33][%mdl 8192] [#] Black converts the advantage convincingly.} (20. f5 $1 $11) 20... Rxb2 $3 $19 21. Nb1 Qb5 22. Nc3 Qb8 23. Be6 $2 (23. gxf6 Bxa3 24. Qe8+ Nf8 25. Bxc8 Qxf4+ 26. Qe3 (26. Be3 $2 Rb8+ 27. Kd2 Qc7 $19) 26... Qxf6 27. Rhf1 (27. Ne4 $2 Rb3+ 28. Kd2 Bb4+ 29. c3 dxe4 $19) 27... Rb8+ 28. Kd2 Rxc8 29. Qd3) 23... Bxa3 24. Bxf7+ Kxf7 25. Rde1 Nf8 26. Kd2 Bf5 27. Rc1 Qb3 {[%emt 0:00:45][%cal Rb2c2] White is weak on the light squares} 28. Qd4 Rxc2+ 29. Rxc2 Qxc2+ 30. Ke1 Nd7 {[%emt 0:00:55] White must now prevent ...Bb2.} 31. Qd2 Qb3 {[%emt 0:00:29] ...Bb4 would now be deadly.} 32. Kf1 Bb4 33. Be1 Qc4+ 34. Kf2 Bc5+ 35. Kg2 Be4+ 36. Nxe4 Qxe4+ 37. Kh2 Be3 38. Qg2 Bxf4+ ({Less strong is} 38... Qxf4+ 39. Bg3 Qxg5 40. Qe2 $19) 39. Bg3 Qxg2+ 40. Kxg2 Bxg5 {[%emt 0:00:31][%mdl 4096] Endgame. KRB-KBN} 41. Ra1 Bxh6 42. Rxa6 Ne5 43. Ra7+ Ke6 44. Rxh7 Bf8 45. Rh8 Bd6 46. Re8+ Kd7 47. Rg8 g5 48. Bxe5 Bxe5 {[%emt 0:00:09] KR-KB} 49. Kf3 Kd6 (49... c5 $142 50. Ra8 c4 51. Ra6 Kc7 52. Ke3 g4 53. Kd2 g3 54. Ke2 Kb7 55. Ra4 Kc6 56. Ke1 Kb5 57. Ra2 d4 58. Kd2 g2 59. Rb2+ Kc6 60. Rb1 Bh2 61. Re1 g1=Q (61... g1=B $2 62. Re6+ Kd5 63. Re1 $19) 62. Rxg1 Bxg1 63. Ke1 d3 64. Kd2 Kb5 65. Kd1 c3 66. Ke1 c2 67. Kd2 Kc4 68. Kc1 Be3+ 69. Kb2 c1=Q+ (69... c1=B+ {gets mated.} 70. Kb1 Kb3 71. Ka1 d2 72. Kb1 d1=Q 73. Ka1 Bcd2#) 70. Ka2 Qc2+ 71. Ka3 Bc5#) 50. Ke3 c5 {[%emt 0:00:27] ( -> ...Kc6)} 51. Ra8 Kc6 {[%emt 0:00:36] Black mates.} 52. Rd8 g4 53. Rg8 g3 54. Rd8 c4 55. Rc8+ Kb5 56. Rb8+ Bxb8 {[%emt 0:00:08] Weighted Error Value: White=0.67/Black=0.34.  Loses game:     	White=1     	---        Mistake:       	White=2     	Black=1      Inaccurate:     	White=4     	---        OK:         	White=11    	Black=14     Best:        	White=3     	Black=4      Strong:       	---       	Black=1      Brilliant:      	---       	Black=1} 0-1

[Event "Chinese Championship-B Women 2024"]
[Site "Liaocheng"]
[Date "2024.04.25"]
[Round "10.3"]
[White "Ren, Xiaoyi"]
[Black "Zhou, Shumeng"]
[Result "0-1"]
[ECO "D30"]
[WhiteElo "2075"]
[BlackElo "1800"]
[Annotator "TA"]
[PlyCount "122"]
[EventDate "2024.04.24"]
[EventType "swiss"]
[EventCountry "CHN"]
[SourceTitle "playchess.com"]
[Source "ChessBase"]
[SourceQuality "1"]
[TimeControl "5400+30"]

1. d4 d5 2. c4 e6 3. Nf3 Nf6 4. e3 Be7 5. a3 a5 6. b3 O-O 7. Bd3 b6 8. Bb2 {[%emt 0:00:09] The position is equal.} Nbd7 9. Nbd2 Bb7 10. Qc2 Re8 11. O-O c5 12. Rad1 {[%emt 0:03:06] [#]} a4 $1 13. Ne5 (13. bxa4 Bc6) 13... cxd4 14. exd4 axb3 15. Qxb3 Ra7 16. Rfe1 Qa8 17. Re3 Nxe5 (17... Bxa3 $2 18. Bxa3 (18. Nxd7 Nxd7 19. Bxa3 dxc4 $18) 18... Nxe5 (18... Rxa3 $2 19. Qxa3 Qxa3 20. Bxh7+ Nxh7 21. Rxa3 $18) 19. dxe5 $18) (17... Rd8 $17) 18. dxe5 $11 Nd7 19. Qc2 (19. Bxh7+ $11 Kxh7 20. Rh3+ Kg8 21. Qf3) 19... Nf8 $15 20. cxd5 Bxd5 21. Be4 Rd8 22. Bd4 ({Better is} 22. g3) 22... Rxa3 ({Reject} 22... Bxa3 $6 23. Bxb6 Bxe4 24. Rxe4 $11) (22... Bxe4 $142 23. Qxe4 Rxa3 24. Rxa3 Qxa3) 23. Ree1 (23. Rxa3 $17 {was necessary.} Bxa3 24. Bxd5 Qxd5 (24... Rxd5 25. Bxb6 Nd7 26. Be3 $17) 25. Bxb6) 23... b5 24. Bxd5 Rxd5 25. Ne4 $2 (25. Nf1) 25... Qd8 $2 (25... Ra4 $19 26. Nc3 Raxd4 (26... Rdxd4 $2 27. Nxa4 Rxd1 28. Rxd1 $19) 27. Nxd5 Qxd5 (27... Rxd5 $2 28. Qc7 $19) 28. Rxd4 Qxd4) 26. Bb2 $17 Rad3 27. Rxd3 Rxd3 $40 {[%emt 0:00:02][%mdl 128] Black is out for blood.} 28. Nd6 (28. Rc1 $17 {was worth a try.}) 28... Rd5 $19 29. Ba3 Qa5 30. Qc1 b4 31. Nc4 Qc7 32. Bb2 h6 ({Much less strong is} 32... Rc5 33. Re4 $19) 33. g3 Nd7 34. Qf4 Nc5 {[%emt 0:00:32] ...Nd3 would now be deadly.} 35. Nd6 Bxd6 36. exd6 {[%emt 0:00:03] [#]} Qxd6 (36... Qb7 $1 $19 {has better winning chances. aiming for ...Nd3.} 37. Qg4 f5 (37... Rxd6 38. Qxg7#)) 37. Qxb4 $17 Nd3 38. Qxd6 Rxd6 {[%emt 0:00:01][%mdl 4096] Endgame. KRB-KRN} 39. Rd1 Rd5 40. Bc3 {[%emt 0:00:16] [#]} Nf4 $1 41. Rxd5 (41. Re1 Nd3) 41... Nxd5 {[%emt 0:00:02] KB-KN} 42. Bd4 f6 43. f3 e5 44. Bc5 Kf7 45. Kf2 f5 46. Bd6 Kf6 47. Bc5 h5 48. h3 g5 49. Bf8 g4 (49... Ne7 $17 50. Kf1 Ng6) 50. hxg4 fxg4 51. fxg4 hxg4 {[%emt 0:00:02] ( -> ...Kf5)} 52. Ba3 $2 (52. Ke2 $15) 52... Kf5 {[%emt 0:00:06] Black mates.} 53. Bb2 Ke4 54. Ke2 Ne7 55. Bc3 Nf5 56. Kf2 Nd4 57. Bb2 Kd3 58. Ba1 Nf3 59. Bb2 e4 60. Bc1 Nd2 61. Ba3 e3+ {[%emt 0:00:13] Weighted Error Value: White=0.31/Black=0.24 (precise) .  Loses game:     	White=1     	---        Missed win:     	---       	Black=1      Mistake:       	White=5     	Black=4      Inaccurate:     	White=4     	Black=1      OK:         	White=10    	Black=18     Best:        	White=1     	Black=3} 0-1

[Event "Chinese Championship-B Women 2024"]
[Site "Liaocheng"]
[Date "2024.04.25"]
[Round "10.4"]
[White "Chu, Ruotong"]
[Black "Du, Yuxin"]
[Result "1/2-1/2"]
[ECO "E06"]
[WhiteElo "2124"]
[BlackElo "1960"]
[Annotator "TA"]
[PlyCount "61"]
[EventDate "2024.04.24"]
[EventType "swiss"]
[EventCountry "CHN"]
[SourceTitle "playchess.com"]
[Source "ChessBase"]
[SourceQuality "1"]
[TimeControl "5400+30"]

1. c4 e6 2. Nf3 d5 3. g3 Nf6 4. Bg2 Be7 5. d4 O-O 6. Qc2 c5 7. O-O cxd4 8. Nxd4 Nc6 9. Nxc6 bxc6 10. b3 Qb6 (10... e5 $5) 11. Bb2 Ba6 12. Nd2 Rfd8 13. Nf3 Rac8 14. Rfd1 h6 15. Rac1 dxc4 16. bxc4 c5 17. Bc3 Bb7 18. Ne5 Bxg2 19. Kxg2 Rxd1 20. Rxd1 Rb8 21. f3 Qa6 {[%emt 0:01:48] Against Qa4} 22. Rb1 Rxb1 23. Qxb1 Bd6 {[%emt 0:02:51] Against Qb8+} 24. Qb3 (24. Qc2 $11) 24... Bxe5 (24... Nd5 $5 25. Bb2 Nb6 $15) 25. Bxe5 $15 {[%emt 0:00:05][%mdl 4096] Endgame. KQB-KQN. The position is equal.} Nd7 26. Bf4 Nb6 27. Bd6 Nxc4 28. Bxc5 Nd2 29. Qe3 Qxa2 30. Bxa7 Qa1 {[%emt 0:02:32][%csl Gd2][%cal Ra1f1] [#]} 31. Qxd2 {[%emt 0:00:29] Weighted Error Value: White=0.09 (flawless) /Black=0.06 (flawless) .  Mistake:       	White=1     	---        Inaccurate:     	White=1     	Black=2      OK:         	White=6     	Black=9      Best:        	---       	Black=2} 1/2-1/2

[Event "Chinese Championship-B Women 2024"]
[Site "Liaocheng"]
[Date "2024.04.25"]
[Round "10.5"]
[White "Guo, Hanxi"]
[Black "Hu, Yu A."]
[Result "0-1"]
[ECO "B94"]
[WhiteElo "1699"]
[BlackElo "2148"]
[Annotator "TA"]
[PlyCount "78"]
[EventDate "2024.04.24"]
[EventType "swiss"]
[EventCountry "CHN"]
[SourceTitle "playchess.com"]
[Source "ChessBase"]
[SourceQuality "1"]
[TimeControl "5400+30"]

1. e4 c5 2. Nf3 d6 3. d4 cxd4 4. Nxd4 Nf6 5. Nc3 a6 6. Bg5 Nbd7 7. f4 Qc7 8. Qf3 g6 (8... e6 $11 {was preferrable.}) 9. O-O-O $14 Bg7 10. g4 {[%emt 0:32:59] White is slightly better.} h6 {[%emt 0:21:34] Against h4} 11. Bxf6 Nxf6 12. h3 Bd7 13. g5 hxg5 14. fxg5 Nh5 {[%emt 0:01:48] next ...Qc5 is good for Black.} 15. Nd5 Qd8 {[%emt 0:00:12] Hoping for ...e6.} 16. h4 e6 17. Ne3 b5 18. Kb1 Rc8 19. Bh3 Qc7 20. Rhf1 O-O 21. Nb3 $2 {[%emt 0:11:30] Prevents Qc5. This costs White the game.} (21. Rf2 $11 {and White has nothing to worry.}) 21... a5 $19 22. Bg4 a4 23. Bxh5 $2 (23. Nd4 Qc5 24. Bxh5 Bxd4 25. Rxd4 Qxd4 26. Ng4) 23... axb3 (23... gxh5 24. Nd4 Qb7 25. Ndf5 exf5 26. Nd5 $19) 24. cxb3 gxh5 25. Qxh5 Qc5 26. Qe2 b4 27. Rf4 Bb5 28. Qd2 Qe5 {[%emt 0:08:54] Threatens to win with ...Bd3+.} 29. Ng4 {[%emt 0:00:27] [#]} Bd3+ $1 30. Ka1 {[%emt 0:00:15] [#]} Ra8 $1 31. a4 {[%emt 0:00:48] [#]} bxa3 $1 32. Nxe5 {[%emt 0:00:24] Black is clearly winning.} axb2+ 33. Kxb2 Bxe5+ {[%emt 0:00:03] A strong pair of Bishops.} (33... dxe5 $2 {loses.} 34. Rxf7 Rxf7 35. Qxd3 $18) 34. Qc3 Rfc8 35. Rxd3 Rxc3 ({Stronger than} 35... Bxc3+ 36. Rxc3 Rxc3 37. Kxc3 Rc8+ 38. Kb2 $14) 36. Rxc3 Bxf4 37. Rf3 Be5+ 38. Kc1 Ra1+ 39. Kc2 Rh1 {[%emt 0:00:55] Weighted Error Value: White=0.74/Black=0.44.  Loses game:     	White=1     	---        Mistake:       	White=1     	Black=1      Inaccurate:     	White=8     	Black=2      OK:         	White=6     	Black=14     Best:        	White=2     	Black=3} 0-1

[Event "Chinese Championship-B Women 2024"]
[Site "Liaocheng"]
[Date "2024.04.25"]
[Round "10.6"]
[White "Guo, Weibao"]
[Black "Zhao, Chenyu"]
[Result "1/2-1/2"]
[ECO "D00"]
[WhiteElo "1954"]
[BlackElo "1909"]
[Annotator "NA RC"]
[PlyCount "77"]
[EventDate "2024.04.24"]
[EventType "swiss"]
[EventCountry "CHN"]
[SourceTitle "playchess.com"]
[Source "ChessBase"]
[SourceQuality "1"]
[TimeControl "5400+30"]

1. d4 Nf6 2. Bg5 d5 3. Bxf6 exf6 4. e3 Bd6 5. Bd3 c6 6. Nd2 a5 {[%emt 0:04:09] D00: 1 d4 d5: Unusual lines.} 7. Ne2 Qc7 8. h3 Nd7 9. O-O O-O 10. c4 dxc4 11. Nxc4 Be7 12. Rc1 Nb6 13. Nxb6 Qxb6 14. Qc2 g6 15. Bc4 f5 16. Nf4 Bd6 17. Nd3 Qd8 18. a4 Bd7 19. Rfd1 Qg5 20. Ne5 Qe7 21. Qb3 Bc8 22. Qc3 Bb4 23. Qb3 Bd6 24. f4 (24. Nf3 $11 {is superior.}) 24... Kg7 25. Re1 Bb4 26. Re2 Rb8 27. Qd3 f6 28. Nf3 Re8 29. Rd1 Be6 30. Kf2 Bxc4 31. Qxc4 Qf7 32. Rc2 Qe7 33. Re2 Qf7 34. Rc2 Qe7 35. Re2 Qf7 36. Rc2 $15 Qe7 37. Re2 Qf7 38. Qxf7+ $11 Kxf7 39. g4 1/2-1/2